AoeStats
← Joaking

Fortress

507830110Analyzed
4v4 RM · 13d ago on Sep 19, 2026· 48m 55s· 8 players
Game mode
Random Map
Map size
Huge
Population
200
Speed
Normal
Resources
Standard
Victory
Conquest
Starting age
Dark Age
Ending age
Imperial Age
RankedLock teamsTeams togetherTeam positionsShared explorationLock speedFull tech treeHidden civsTurbo modeCheats
Victory
Defeat
🇨🇿 Ethiopians · Czechia
1052
+13
🇨🇱 Spanish · Chile
1007
+14
🇪🇸 Italians · Spain
994
+15
🇪🇸 Saracens · Spain
963
+16
🇩🇪 Romans · Germany
1013
-16
🇩🇪 Turks · Germany
1006
-16
🇩🇪 Franks · Germany
961
-14
🇩🇪 Huns · Germany
916
-12
Joaking
7:04 Feudal Age
8:27 Loom
12:59 Castle Age
11:20 Scale Barding Armor
13:39 Double-Bit Axe
29:03 Imperial Age
28:55 Chain Barding Armor
28:45 Forging
29:39 Wheelbarrow
28:50 Town Watch
29:40 Bow Saw
29:15 Horse Collar
29:17 Cavalier
30:49 Husbandry
31:03 Bloodlines
32:35 Hand Cart
33:30 Town Patrol
34:25 Conscription
34:34 Heavy Plow
35:37 Plate Barding Armor
34:41 Paladin
37:24 Iron Casting
36:40 Fletching
36:50 Padded Archer Armor
36:50 Stone Mining
36:50 Gold Mining
38:05 Two-Man Saw
38:18 Caravan
38:49 Coinage
38:30 Guilds
40:45 Banking
41:18 Blast Furnace
Subbotai00
2:14 Loom
8:07 Feudal Age
13:38 Castle Age
11:43 Double-Bit Axe
12:07 Horse Collar
25:25 Imperial Age
24:52 Ballistics
25:14 Wheelbarrow
24:26 Town Watch
25:08 Bow Saw
25:27 Heavy Plow
25:43 Scale Barding Armor
26:36 Hand Cart
27:56 Chemistry
28:12 Squires
27:33 Pikeman
28:19 Scale Mail Armor
28:20 Padded Archer Armor
29:23 Chain Mail Armor
30:12 Gold Mining
32:12 Husbandry
34:24 Arson
35:35 Bloodlines
34:46 Light Cavalry
35:46 Leather Archer Armor
37:09 Chain Barding Armor
37:01 Caravan
39:35 Conscription
40:43 Two-Man Saw
39:38 Treadmill Crane
39:54 Murder Holes
40:09 Fortified Wall
40:11 Masonry
39:54 Elite Skirmisher
41:19 Fletching
48:32 Heavy Camel Rider
redchochorus
0:46 Loom
9:20 Feudal Age
10:17 Double-Bit Axe
10:28 Horse Collar
11:34 Gold Mining
13:10 Wheelbarrow
15:13 Castle Age
14:21 Wheelbarrow
16:12 Bow Saw
19:45 Imperial Age
18:21 Wheelbarrow
21:50 Two-Man Saw
21:25 Padded Archer Armor
21:16 Fletching
22:20 Town Watch
23:41 Hand Cart
23:11 Elite Skirmisher
24:19 Leather Archer Armor
24:00 Bodkin Arrow
25:11 Chemistry
24:36 Conscription
24:56 Stone Mining
26:43 Thumb Ring
28:38 Bracer
29:09 Ring Archer Armor
29:09 Ballistics
30:59 Hoardings
30:29 Murder Holes
30:45 Masonry
35:11 Architecture
35:05 Bombard Tower
34:28 Treadmill Crane
36:54 Elite Genoese Crossbowman
43:33 Caravan
47:37 Silk Road
Jampud
7:35 Feudal Age
11:11 Castle Age
9:27 Double-Bit Axe
10:04 Horse Collar
15:04 Bow Saw
15:19 Heavy Plow
16:48 Wheelbarrow
18:47 Crossbowman
19:33 Elite Skirmisher
20:22 Thumb Ring
21:09 Fletching
21:20 Padded Archer Armor
21:45 Hand Cart
21:18 Loom
21:54 Bodkin Arrow
25:24 Ballistics
25:37 Gold Mining
25:42 Stone Mining
26:31 Town Watch
29:40 Imperial Age
28:34 Leather Archer Armor
28:31 Masonry
29:25 Gold Shaft Mining
30:09 Murder Holes
31:45 Chemistry
30:08 Arbalester
31:14 Conscription
31:07 Bracer
31:37 Ring Archer Armor
33:23 Siege Engineers
35:51 Guilds
36:03 Torsion Engines
45:44 Town Patrol
MiisaMiisa7
8:55 Feudal Age
9:53 Double-Bit Axe
10:38 Loom
13:31 Castle Age
12:00 Horse Collar
15:52 Heavy Plow
16:04 Bow Saw
16:09 Padded Archer Armor
21:51 Ballistics
31:06 Imperial Age
29:22 Gold Mining
29:22 Stone Mining
30:19 Leather Archer Armor
34:45 Ring Archer Armor
41:03 Conscription
Toschie
2:56 Loom
7:42 Feudal Age
12:15 Castle Age
20:41 Scale Barding Armor
20:51 Husbandry
28:44 Chain Barding Armor
28:35 Forging
30:24 Wheelbarrow
29:41 Double-Bit Axe
31:09 Iron Casting
34:19 Imperial Age
34:23 Cavalier
35:46 Plate Barding Armor
36:12 Blast Furnace
40:32 Paladin
Knurzfoten
10:10 Feudal Age
13:57 Double-Bit Axe
14:04 Gold Mining
13:58 Horse Collar
16:44 Castle Age
16:01 Stone Mining
20:34 Padded Archer Armor
20:42 Scale Barding Armor
20:29 Fletching
20:56 Forging
21:15 Heavy Plow
23:06 Gold Shaft Mining
22:44 Bow Saw
25:27 Imperial Age
23:56 Bodkin Arrow
26:59 Chain Barding Armor
26:56 Leather Archer Armor
28:18 Two-Man Saw
29:18 Wheelbarrow
29:14 Parthian Tactics
32:29 Hand Cart
34:02 Heavy Cavalry Archer
35:55 Plate Barding Armor
36:42 Thumb Ring
36:47 Bracer
37:28 Iron Casting
36:56 Scale Mail Armor
38:00 Conscription
46:57 Blast Furnace
46:13 Chain Mail Armor
Adanos91
2:01 Loom
8:40 Feudal Age
13:29 Castle Age
12:36 Double-Bit Axe
12:35 Horse Collar
13:45 Man-at-Arms
14:31 Gold Mining
14:37 Long Swordsman
16:37 Wheelbarrow
18:51 Heavy Plow
24:56 Imperial Age
23:17 Forging
23:58 Hand Cart
23:48 Squires
24:24 Bow Saw
24:35 Pikeman
25:45 Legionary
27:04 Conscription
28:43 Gold Shaft Mining
28:02 Stone Mining
29:27 Iron Casting
28:53 Scale Mail Armor
29:23 Ballistics
29:37 Halberdier
35:06 Ballistas
35:39 Heavy Scorpion
39:54 Blast Furnace
39:10 Chain Mail Armor
40:45 Chemistry
Connection lost

Rejoining the realm…

Still unreachable

The connection could not be restored.

Session expired

The server has moved on; the page needs a fresh start.